 Dungeon Crawl Stone Soup version 0.28-a0-726-g4a9143789a (webtiles) character file.

Game seed: 1787451343111216505

100 kae the Sneak (level 4, 0/22 HPs)
             Began as a Spriggan Enchanter on Oct 27, 2021.
             Succumbed to an adder's poison
             ... on level 3 of the Dungeon.
             The game lasted 00:03:28 (3734 turns).

kae the Sneak (Spriggan Enchanter)                  Turns: 3734, Time: 00:03:29

Health: 0/22       AC:  3    Str:  3 (5)  XL:     4   Next: 46%
Magic:  1/9        EV: 16    Int: 15 (16) God:
Gold:   190        SH:  4    Dex: 12 (15) Spells: 1/9 levels left

rFire   + . .      SeeInvis +   a - +1 dagger
rCold   . . .      Faith    .   h - +0 buckler {rF+}
rNeg    . . .      Spirit   .   b - +0 robe
rPois   .          Reflect  .   (helmet restricted)
rElec   .          Harm     .   f - +0 cloak
rCorr   .          Rampage  .   (gloves unavailable)
Will    .....                   (boots unavailable)
Stlth   +++.......              (no amulet)
HPRegen 0.07/turn               (no ring)
MPRegen 0.11/turn               (no ring)

@: brilliant, lethally poisoned (0 -> -3), attractive, very slightly
contaminated, very quick
A: very small, no large weapons, unfitting armour, see invisible, speed 3
a: no special abilities


You were on level 3 of the Dungeon.
You visited 1 branch of the dungeon, and saw 3 of its levels.

You collected 190 gold pieces.

Inventory:

Hand Weapons
 a - a +1 dagger (weapon)
Armour
 b - a +0 robe (worn)
 f - a +0 cloak (worn)
 h - a +0 buckler of fire resistance (worn)
Jewellery
 m - a +6 ring of intelligence
Scrolls
 e - 2 scrolls of fog
 i - a scroll of immolation
 j - a scroll of identify {unknown}
 n - a scroll of amnesia {unknown}
 o - a scroll of teleportation {unknown}
Potions
 c - a potion of invisibility
 g - 2 potions of degeneration
 l - a potion of resistance {unknown}
 p - 2 potions of curing {unknown}
 q - a potion of haste {unknown}


   Skills:
 + Level 1.1 Fighting
 * Level 2.7 Short Blades
 + Level 3.3 Dodging
 + Level 4.9 Stealth
 + Level 0.4 Shields
 + Level 3.3 Spellcasting
 + Level 4.0 Hexes


You had one spell level left.
You knew the following spells:

 Your Spells              Type           Power      Damage    Failure   Level
a - Ensorcelled Hibernat  Hex/Ice        24%        N/A       21%         2
b - Confusing Touch       Hex            21%        N/A       19%         3
c - Tukima's Dance        Hex            21%        N/A       19%         3

Your spell library contained the following spells:

 Spells                   Type           Power      Damage    Failure   Level
 Animate Skeleton         Necr           6%         N/A       32%         1
 Pain                     Necr           12%        1d4       32%         1
 Slow                     Hex            21%        N/A       9%          2
 Dazzling Flash           Conj/Hex       24%        N/A       38%         3
 Vampiric Draining        Necr           1%         2d6       67%         3


Dungeon Overview and Level Annotations

Branches:
Dungeon (3/15)

Altars:
Gozag

Annotations:
D:3 Ijyb


Innate Abilities, Weirdness & Mutations

You are very small and have problems with some larger weapons.
You are too small for most types of armour.
You have supernaturally acute eyesight. (SInv)
You cover ground extremely quickly. (Speed+++)


Message History

You miss the adder. The adder bites you.
You are poisoned.
The adder poisons you!
You hit the adder but do no damage.
You feel sick. The adder completely misses you.
You feel sick.
Casting: Ensorcelled Hibernation (safe; 19% risk of failure)
Confirm with . or Enter, or press ? or * to list all spells.
Aiming: Ensorcelled Hibernation (safe; 19% risk of failure)
Press: ? - help, Shift-Dir - straight line, f - adder, p - Ijyb
Aim: an adder (chance to affect: 50%)
The adder resists with some effort.
You feel sick. The adder bites you.
You are lethally poisoned!
The adder poisons you! The adder closely misses you.
Casting: Ensorcelled Hibernation (safe; 19% risk of failure)
Confirm with . or Enter, or press ? or * to list all spells.
Aiming: Ensorcelled Hibernation (safe; 19% risk of failure)
Press: ? - help, Shift-Dir - straight line, f/p - adder
Aim: an adder (chance to affect: 50%)
You miscast Ensorcelled Hibernation.
You are very lightly contaminated with residual magic.
Nothing appears to happen.
* * * LOW HITPOINT WARNING * * *
You feel sick. The adder misses you.
* * * LOW HITPOINT WARNING * * *
You feel sick.
* * * LOW HITPOINT WARNING * * *
You feel sick.
It was a potion of degeneration.
There was something very wrong with that liquid.
You feel weakened.
You feel dopey.
You feel clumsy.
* * * LOW HITPOINT WARNING * * *
You feel sick. The adder misses you.
It was a potion of brilliance.
You feel clever all of a sudden.
* * * LOW HITPOINT WARNING * * *
You feel sick. The adder misses you.
It was a potion of attraction.
You feel attractive to monsters.
You die...

#<....#(##...#.#
#####.#.##.#.#.#
##############.#.#....#.#
...............#.######†#
........................#
.................#####..#
################## #..#
#####...###########..#
...........gS@.......#####.###
####...###########..........#
#...# #........###. #...#
#.######.# #...# #.#....#.#
#.>.# #.#.##.#.###.# #...#
#.#.#........#
########...#######.#.....?#####
.........................#####


You could see Ijyb and an adder.

Vanquished Creatures
  3 adders
  An adder skeleton (D:2)
  2 worms
  4 dart slugs
  5 ball pythons
  3 endoplasms
  A giant cockroach (D:2)
  5 goblins
  5 hobgoblins
  4 jackals
  2 quokkas
  4 bats
  3 frilled lizards
  6 kobolds
  8 rats
56 creatures vanquished.

Notes
Turn   | Place    | Note
-------+----------+-------------------------------------------
     0 | D:1      | kae the Spriggan Enchanter began the quest for the Orb.
     0 | D:1      | Reached XP level 1. HP: 9/9 MP: 5/5
   531 | D:1      | Reached XP level 2. HP: 13/13 MP: 6/6
   549 | D:1      | Learned a level 2 spell: Ensorcelled Hibernation
  1178 | D:1      | Reached XP level 3. HP: 17/17 MP: 8/8
  2075 | D:2      | Learned a level 3 spell: Confusing Touch
  2079 | D:2      | Learned a level 3 spell: Tukima's Dance
  2204 | D:1      | Reached XP level 4. HP: 16/21 MP: 2/9
  2383 | D:2      | Reached skill level 1 in Fighting
  3599 | D:3      | Found an opulent altar of Gozag.
  3706 | D:3      | Noticed Ijyb
  3733 | D:3      | HP: 1/22 [poisoned by an adder]
  3734 | D:3      | Succumbed to an adder's poison

Illustrated notes

Levels and vault maps discovered:
D:1:      lemuel_arrival_room, layout_basic
D:2:      minmay_recursive_quarters, layout_rooms
D:3:      layout_basic, nicolae_gozag_seed_capital, uniq_ijyb

Skill      XL: |  1  2  3  4 |
---------------+-------------+-----
Short Blades   | 2 |  2.7
Dodging        | 3 |  3.3
Spellcasting   | 3 |  3.3
Hexes          | 4 |  4.0
Fighting       | 1 |  1.1
Stealth        | |  4.9
Shields        | |  0.4

Action                   |  1- 3 |  4- 6 || total
-------------------------+-------+-------++-------
Melee: Dagger            |   135 |    48 ||   183
 Cast: Ensorcelled Hiber |    28 |    17 ||    45
  Use: Scroll            |       |     4 ||     4
       Potion            |       |     3 ||     3
 Stab: Sleeping          |    24 |    16 ||    40
Armor: Robe              |    18 |     4 ||    22
Dodge: Dodged            |   107 |    47 ||   154
Block: Buckler           |     6 |     9 ||    15

Table legend: (Time is in decaauts)
 A = Elapsed time spent in this place.
 B = Non-inter-level travel time spent in this place.
 C = Inter-level travel time spent in this place.
 D = Time resting spent in this place.
 E = Time spent auto-exploring this place.
 F = Levels seen in this place.
 G = Mean time per level.
                   A        B        C        D        E       F      G
               +--------+--------+--------+--------+--------+-----+--------+
         Total |   3078 |   3041 |     37 |   1582 |    950 |   3 | 1026.0 |
       Dungeon |   3078 |   3041 |     37 |   1582 |    950 |   3 | 1026.0 |
               +--------+--------+--------+--------+--------+-----+--------+

Top non-repeatable levels by time:
     D:1: 1528 daAuts
     D:2: 992 daAuts
     D:3: 557 daAuts
